 Dungeon Crawl Stone Soup version 0.22.0-21-g8bd1b0a (webtiles) character file.

49494 Americanboy the Severer (level 14, -28/135 HPs)
             Began as a Minotaur Fighter on Aug 19, 2018.
             Was the Champion of Cheibriados.
             Killed from afar by a fire giant (45 damage)
             ... with a fireball
             ... on level 15 of the Dungeon.
             The game lasted 01:00:59 (12927 turns).

Americanboy the Severer (Minotaur Fighter)         Turns: 12927, Time: 01:01:00

Health: -28/135    AC: 27    Str: 42    XL:     14   Next: 16%
Magic:  13/13      EV: 17    Int: 20    God:    Cheibriados [******]
Gold:   2661       SH: 21    Dex: 32    Spells: 13/13 levels left

rFire    . . .     SeeInvis .   s - +5 war axe (chop)
rCold    . . .     Gourm    .   c - +3 shield
rNeg     + . .     Faith    .   P - +9 chain mail of Epsocri {MR+ Str+3}
rPois    .         Spirit   .   (helmet restricted)
rElec    .         Reflect  .   d - +2 cloak {+Inv}
rCorr    .         Harm     .   (no gloves)
MR       ++...                  A - +2 pair of boots
Stlth    ..........             l - amulet of regeneration
HPRegen  0.72/turn              g - +5 ring of dexterity
MPRegen  0.13/turn              b - ring of positive energy

@: very slow
A: retaliatory headbutt, horns 2
a: Bend Time, Temporal Distortion, Slouch, Step From Time, Renounce Religion,
Evoke Invisibility


You were on level 15 of the Dungeon.
You worshipped Cheibriados.
Cheibriados was exalted by your worship.
You were not hungry.

You visited 2 branches of the dungeon, and saw 16 of its levels.
You also visited: Sewer.

You collected 3743 gold pieces.
You spent 1082 gold pieces at shops.

Inventory:

Hand Weapons
 s - a +5 war axe of chopping (weapon)
 D - the +3 spear of Meiq {speed, rN+ Dex+2 SInv}
   (You found it on level 10 of the Dungeon)

   Attacks with this weapon are significantly faster.
   It affects your dexterity (+2).
   It protects you from negative energy.
   It lets you see invisible.
   Cheibriados disapproves of the use of such an item.
Missiles
 k - 5 throwing nets (quivered)
Armour
 c - a +3 shield (worn)
 d - a +2 cloak of invisibility (worn)
 y - a +0 chain mail of poison resistance
 A - a +2 pair of boots (worn)
 G - a scarf of repulsion
 H - the +1 ring mail "Korro" {rElec rPois}
   (You bought it in a shop on level 10 of the Dungeon)

   It insulates you from electricity.
   It protects you from poison.
 P - the +9 chain mail of Epsocri (worn) {MR+ Str+3}
   (You found it on level 14 of the Dungeon)

   It affects your strength (+3).
   It affects your resistance to hostile enchantments.
Jewellery
 b - a ring of positive energy (right hand)
 g - a +5 ring of dexterity (left hand)
 l - an amulet of regeneration (around neck)
 I - an uncursed ring of stealth
 M - an uncursed ring of wizardry
 R - an uncursed ring of wizardry
Wands
 a - a wand of digging (27)
 w - a wand of iceblast (14)
 B - a wand of scattershot (6)
 F - a wand of acid (15)
Scrolls
 h - 8 scrolls of teleportation
 p - 4 scrolls of magic mapping
 q - 2 scrolls of blinking
 x - 6 scrolls of fear
 J - 6 scrolls of identify
 K - 7 scrolls of remove curse
Potions
 e - 3 potions of flight
 i - 8 potions of curing
 j - 2 potions of resistance
 m - 3 potions of haste
 n - 2 potions of invisibility
 o - 3 potions of brilliance
 r - 4 potions of agility
 u - 4 potions of berserk rage
 v - 3 potions of magic
 z - 3 potions of heal wounds
 C - a potion of ambrosia
 E - a potion of mutation
 L - 2 potions of might
 Q - a potion of cancellation
Miscellaneous
 N - a phantom mirror
Comestibles
 f - 29 rations


   Skills:
 * Level 15.1 Fighting
 + Level 16.9 Axes
 + Level 10.1 Armour
 + Level 6.9 Dodging
 + Level 13.9 Shields


You had 13 spell levels left.
You didn't know any spells.
Your spell library contained the following spells:

 Spells                   Type           Power        Failure   Level  Hunger
 Freeze                   Ice            #...         52%         1    ##.....
 Blink                    Tloc           N/A          65%         2    ###....
 Shroud of Golubria       Chrm/Tloc      #.........   65%         2    ###....
 Throw Frost              Conj/Ice       #.....       65%         2    ###....
 Gell's Gravitas          Tloc           #.........   87%         3    ####...
 Lesser Beckoning         Tloc           #.........   87%         3    ####...
 Ozocubu's Armour         Chrm/Ice       #.......     87%         3    ####...
 Teleport Other           Tloc           #.......     87%         3    ####...
 Leda's Liquefaction      Hex/Erth       #.........   99%         4    #####..
 Passage of Golubria      Tloc           N/A          99%         4    #####..
 Summon Ice Beast         Ice/Summ       #.......     99%         4    #####..
 Throw Icicle             Conj/Ice       #.......     99%         4    #####..
 Bolt of Magma            Conj/Fire/Erth #.........   100%        5    ######.
 Iron Shot                Conj/Erth      #.........   100%        6    #######
 Statue Form              Tmut/Erth      #........    100%        6    #######
 Shatter                  Erth           #.........   100%        9    #######


Dungeon Overview and Level Annotations

Branches:
Dungeon (15/15)            Temple (1/1) D:4            Lair (0/6) D:8
    Orc (0/2) D:9          Vaults (0/5) D:14         Depths (0/5) D:15

Altars:
Ashenzari
Cheibriados
Elyvilon
Fedhas
Gozag
Kikubaaqudgha
Makhleb
Nemelex Xobeh
Okawaru
Qazlal
Ru
Sif Muna
Trog
Uskayaw
Vehumet
Wu Jian
Xom
Yredelemnul
Zin
The Shining One

Shops:
D:7 *   D:10 *   D:13 }   D:15 *


Innate Abilities, Weirdness & Mutations

You reflexively headbutt those who attack you in melee.
You have a pair of horns on your head.


Message History

Aiming: Iceblast
Press: ? - help, Shift-Dir - straight line, f - fire giant
Aim: a fire giant, wielding a great sword of flaming (black smoke, almost dead)
The mass of ice explodes!
The iceblast engulfs the fire giant.
The fire giant is almost dead.
Evoke which item? (* to show all) (? for menu, Esc to quit)
Aiming: Iceblast
Press: ? - help, Shift-Dir - straight line, f/p - fire giant
Aim: a fire giant, wielding a great sword of flaming (almost dead)
The mass of ice explodes!
The iceblast engulfs the fire giant.
The fire giant is almost dead.
The fire giant gestures at you while chanting.
The fireball explodes!
The fireball engulfs you!
* * * LOW HITPOINT WARNING * * *
The fire giant points at you and mumbles some strange words.
The fireball explodes!
The fireball engulfs you!
* * * LOW HITPOINT WARNING * * *
The fire giant casts a spell at you.
The fireball explodes!
The fireball engulfs you!
You die...

#.# #...# .....# #### #.#
##### .....# ..... #.###
...... ..... ....#####.#
##..#.##...... ...........
...#.#..§.≈.≈
....##########.##...≈≈≈§#§
..##........##.##..≈§#≈≈≈≈
..##........##.##†..≈≈≈...
..##........)..†@..≈≈≈C...
####........#####...#≈..>.
# #........# ##.§≈§.... #
#........# #..≈≈≈≈.§ #
#........# #.§≈#§≈≈. #
#........# #..≈≈≈≈.≈ #
#........# ##..≈..≈. #
#........# #...... #
#........# ####..


You could see a fire giant.

Vanquished Creatures
  Roxanne (D:14)
  Azrael (D:13)
  A minotaur (D:12)
  A fire dragon (shapeshifter) (D:14)
  The ghost of Awufuimo the Basher, a journeyman GrFi of Okawaru (D:12)
  2 hydras
  4 centaur warriors
  5 two-headed ogres
  An ogre mage (D:14)
  6 death knights
  3 death yaks (D:8)
  2 tengu warriors (D:14)
  4 unseen horrors
  A deep elf archer (D:14)
  A wizard (D:14)
  A lindwurm (shapeshifter) (D:15)
  An orc knight (D:15)
  An ugly thing (D:12)
  5 deep elf magi
  A manticore (D:12)
  3 cyclopes
  2 centaur zombies (D:14)
  2 gargoyles
  A centaur skeleton (D:11)
  A komodo dragon (D:14)
  A freezing wraith (D:15)
  5 yaktaurs (D:14)
  A queen bee (D:13)
  3 trolls
  6 meliai
  3 hippogriffs
  A shadow (D:15)
  5 yaks (D:12)
  A spriggan (D:9)
  2 water elementals (D:11)
  A wraith (D:11)
  A vampire (D:13)
  2 wyverns (D:15)
  2 fire elementals (D:13)
  2 hungry ghosts
  A basilisk (D:13)
  A steam dragon (D:8)
  6 vampire mosquitoes
  Edmund (D:4)
  A warg (D:15)
  Duvessa (D:7)
  A hell hound (D:13)
  3 water moccasins
  2 porcupines (D:8)
  9 orc warriors
  17 ice beasts
  2 black bears
  4 phantoms
  5 sky beasts
  2 eyes of draining
  5 ogres
  A necrophage (D:12)
  A hornet zombie (D:14)
  21 centaurs
  A crocodile (D:11)
  2 big kobolds
  10 bullfrogs
  A gnoll sergeant (D:8)
  Dowan (D:7)
  A water moccasin skeleton (D:10)
  6 scorpions
  A hornet simulacrum (D:15)
  30 killer bees
  19 wights
  8 electric eels
  3 crimson imps
  A bullfrog zombie (D:8)
  3 jellies
  A quasit (D:14)
  6 hounds
  9 orc priests
  5 bullfrog skeletons
  Jessica (D:3)
  Natasha (thrice) (D:2)
  7 iguanas
  22 orc wizards
  3 hell rats (D:8)
  9 worker ants
  2 hound zombies
  A hound skeleton (D:8)
  9 gnolls
  18 adders
  A howler monkey skeleton (D:7)
  3 river rats
  6 shadow imps
  An ooze (D:4)
  6 worms
  An adder skeleton (D:6)
  A dart slug (D:2)
  7 leopard geckos
  67 orcs
  4 bats
  14 giant cockroaches
  7 goblins
  10 hobgoblins
  10 jackals
  7 quokkas
  2 ball pythons (Sewer)
  13 frilled lizards
  12 kobolds
  2 quokka skeletons (D:4)
  28 rats
557 creatures vanquished.

Notes
Turn   | Place    | Note
-------+----------+-------------------------------------------
     0 | D:1      | Americanboy the Minotaur Fighter began the quest for the Orb.
     0 | D:1      | Reached XP level 1. HP: 19/19 MP: 0/0
   313 | D:1      | Reached XP level 2. HP: 27/27 MP: 1/1
   751 | D:2      | Found a bloodstained altar of Trog.
   887 | D:2      | Reached XP level 3. HP: 30/34 MP: 2/2
   990 | D:2      | Noticed Natasha
   999 | D:2      | Killed Natasha
   999 | D:2      | Reached skill level 3 in Axes
  1001 | D:2      | Reached XP level 4. HP: 35/41 MP: 3/3
  1166 | D:2      | Found an iron altar of Okawaru.
  1195 | D:2      | Found a white marble altar of Elyvilon.
  1195 | D:2      | Found a transporter.
  1211 | D:2      | Found a transporter.
  1212 | D:2      | Noticed a phantom
  1228 | D:2      | Reached skill level 1 in Dodging
  1231 | D:2      | Killed a phantom
  1231 | D:2      | Reached skill level 4 in Axes
  1231 | D:2      | Reached XP level 5. HP: 38/47 MP: 4/4
  1312 | D:2      | Noticed Natasha
  1323 | D:2      | Killed Natasha
  1486 | D:2      | Noticed Natasha
  1493 | D:2      | Killed Natasha
  1493 | D:2      | Reached skill level 5 in Axes
  1493 | D:2      | Reached XP level 6. HP: 49/55 MP: 5/5
  1705 | D:3      | Noticed Jessica
  1709 | D:3      | Killed Jessica
  1777 | D:3      | Found a shimmering altar of Xom.
  1876 | D:3      | Found a bloodstained altar of Trog.
  1901 | D:3      | Reached skill level 5 in Fighting
  2295 | D:4      | Reached skill level 6 in Axes
  2321 | D:4      | Noticed Edmund
  2328 | D:4      | Killed Edmund
  2328 | D:4      | Reached skill level 5 in Armour
  2328 | D:4      | Reached skill level 5 in Shields
  2328 | D:4      | Reached XP level 7. HP: 57/61 MP: 6/6
  2393 | D:4      | Reached skill level 7 in Axes
  2547 | D:4      | Found a staircase to the Ecumenical Temple.
  2553 | Temple   | Entered the Ecumenical Temple
  2570 | Temple   | Became a worshipper of Cheibriados the Contemplative
  2703 | D:4      | Found a glowing drain.
  2707 | Sewer    | Entered a sewer
  2899 | Sewer    | Reached skill level 8 in Axes
  2941 | Sewer    | Reached * piety under Cheibriados
  3267 | D:5      | Entered Level 5 of the Dungeon
  3268 | D:5      | Found a stormy altar of Qazlal.
  3268 | D:5      | Found a blossoming altar of Fedhas.
  3421 | D:5      | Reached XP level 8. HP: 70/70 MP: 7/7
  3682 | D:5      | Reached skill level 9 in Axes
  4095 | D:6      | Reached ** piety under Cheibriados
  4105 | D:6      | Found a hide-covered altar of Uskayaw.
  4306 | D:6      | Reached skill level 10 in Axes
  4361 | D:6      | Found a glowing golden altar of the Shining One.
  4651 | D:7      | Found Gozag's Platinum Reserve.
  4657 | D:7      | Found an opulent altar of Gozag.
  4715 | D:7      | Found a shattered altar of Ashenzari.
  4729 | D:7      | Noticed Dowan
  4731 | D:7      | Noticed Duvessa
  4734 | D:7      | Killed Duvessa
  4734 | D:7      | Reached XP level 9. HP: 74/78 MP: 8/8
  4735 | D:7      | Killed Dowan
  4735 | D:7      | Reached *** piety under Cheibriados
  4740 | D:7      | Found a basalt altar of Yredelemnul.
  4741 | D:7      | Found a sparkling altar of Nemelex Xobeh.
  4814 | D:7      | Reached skill level 11 in Axes
  5069 | D:8      | Reached **** piety under Cheibriados
  5105 | D:8      | Noticed a death yak
  5107 | D:8      | Found a staircase to the Lair.
  5107 | D:8      | Noticed a death yak
  5107 | D:8      | Noticed a death yak
  5187 | D:8      | Reached skill level 12 in Axes
  5344 | D:8      | Killed a death yak
  5344 | D:8      | Reached XP level 10. HP: 66/90 MP: 9/9
  5406 | D:8      | Killed a death yak
  5414 | D:8      | Killed a death yak
  5414 | D:8      | Reached skill level 13 in Axes
  5693 | D:8      | Noticed a two-headed ogre
  5701 | D:8      | Killed a two-headed ogre
  5777 | D:8      | Reached ***** piety under Cheibriados
  6196 | D:9      | Reached skill level 14 in Axes
  6202 | D:9      | Found a staircase to the Orcish Mines.
  6593 | D:9      | Reached XP level 11. HP: 56/99 MP: 10/10
  6603 | D:9      | Found a sacrificial altar of Ru.
  6917 | D:10     | Entered Level 10 of the Dungeon
  7019 | D:10     | Noticed a two-headed ogre
  7026 | D:10     | Killed a two-headed ogre
  7091 | D:10     | Got a steaming spear
  7092 | D:10     | Identified the +3 spear of Meiq {speed, rN+ Dex+2 SInv} (You found it on level 10 of the Dungeon)
  7114 | D:10     | Found Hoczaf's Assorted Antiques.
  7131 | D:10     | Reached skill level 10 in Fighting
  7134 | D:10     | Bought a scroll of enchant armour for 172 gold pieces
  7134 | D:10     | Bought a scroll of teleportation for 69 gold pieces
  7134 | D:10     | Bought a bloodstained ring mail for 207 gold pieces
  7144 | D:10     | Identified the cursed +1 ring mail "Korro" {rElec rPois} (You bought it in a shop on level 10 of the Dungeon)
  7332 | D:11     | Reached ****** piety under Cheibriados
  7417 | D:11     | Identified a scroll of acquirement
  7474 | D:11     | Found a snail-covered altar of Cheibriados.
  7648 | D:11     | Noticed a death knight
  7649 | D:11     | Noticed a death knight
  7650 | D:11     | Noticed a death knight
  7651 | D:11     | HP: 4/101 [death knight/great sword (9)]
  7788 | D:11     | Killed a death knight
  7788 | D:11     | Reached skill level 15 in Axes
  7942 | D:11     | Killed a death knight
  8085 | D:11     | Noticed a death knight
  8105 | D:11     | Killed a death knight
  8105 | D:11     | Reached skill level 10 in Shields
  8246 | D:11     | Noticed a death knight
  8261 | D:11     | Killed a death knight
  8397 | D:11     | Killed a death knight
  8397 | D:11     | Reached XP level 12. HP: 65/110 MP: 11/11
  9453 | D:12     | Found a runed gate.
  9460 | D:12     | Found a runed gate.
  9483 | D:12     | Found a runed gate.
  9483 | D:12     | Noticed a minotaur
  9484 | D:12     | Noticed Awufuimo's ghost (journeyman GrFi)
  9506 | D:12     | Killed Awufuimo's ghost
  9513 | D:12     | Killed a minotaur
  9613 | D:12     | Noticed a five-headed hydra
  9625 | D:12     | Reached skill level 16 in Axes
  9690 | D:12     | Killed an eight-headed hydra
 10069 | D:12     | Reached skill level 5 in Dodging
 10126 | D:12     | Noticed a two-headed ogre
 10132 | D:12     | Killed a two-headed ogre
 10673 | D:13     | Noticed a centaur warrior
 10688 | D:13     | Killed a centaur warrior
 10782 | D:13     | Reached XP level 13. HP: 51/122 MP: 12/12
 11111 | D:13     | Found Emid's Gadget Shop.
 11116 | D:13     | Bought a phantom mirror for 450 gold pieces
 11390 | D:13     | Noticed Azrael
 11401 | D:13     | Killed Azrael
 11657 | D:14     | Noticed Roxanne
 11675 | D:14     | Killed Roxanne
 11759 | D:14     | Got a warped chain mail
 11770 | D:14     | Identified the +9 chain mail of Epsocri {MR+ Str+3} (You found it on level 14 of the Dungeon)
 11793 | D:14     | Noticed a fire dragon
 11799 | D:14     | Killed a fire dragon
 12139 | D:14     | Reached skill level 10 in Armour
 12295 | D:14     | Reached XP level 14. HP: 95/133 MP: 13/13
 12346 | D:14     | Reached skill level 15 in Fighting
 12369 | D:14     | Found a gate to the Vaults.
 12624 | D:15     | Entered Level 15 of the Dungeon
 12759 | D:15     | Found Lohe's Assorted Antiques.
 12765 | D:15     | Bought a potion of curing for 69 gold pieces
 12765 | D:15     | Bought a potion of heal wounds for 115 gold pieces
 12891 | D:15     | Found a staircase to the Depths.
 12891 | D:15     | Noticed a fire giant
 12927 | D:15     | Killed from afar by a fire giant

Skill      XL: |  1  2  3  4  5  6  7  8  9 10 11 12 13 14 |
---------------+-------------------------------------------+-----
Fighting       | 4 5 6 8 9 11 13 14 15 | 15.1
Armour         | 4 5 6 7 8 9 10 | 10.1
Axes           | 3 4 5 6 8 10 12 14 15 16 | 16.9
Shields        | 4 5 6 7 8 10 11 13 | 13.9
Dodging        | 1 2 3 4 5 6 |  6.9

Action                   |  1- 3 |  4- 6 |  7- 9 | 10-12 | 13-15 || total
-------------------------+-------+-------+-------+-------+-------++-------
Melee: War axe           |    58 |    99 |   289 |   440 |   269 ||  1155
       Headbutt          |    12 |    12 |    63 |   139 |    90 ||   316
Invok: Slouch            |       |       |       |       |     1 ||     1
Evoke: Wand              |       |       |       |     1 |    13 ||    14
  Use: Scroll            |     3 |     8 |    12 |     8 |     4 ||    35
       Potion            |       |     1 |       |     4 |     1 ||     6
 Stab: Sleeping          |       |       |       |     2 |       ||     2
  Eat: Ration            |       |     3 |     2 |     4 |     1 ||    10
Armor: Scale mail        |    23 |    36 |    77 |    23 |       ||   159
       Ring mail         |       |       |       |    53 |    33 ||    86
       Chain mail        |       |       |       |       |    54 ||    54
Dodge: Dodged            |    14 |    18 |    83 |   108 |   119 ||   342
Block: Shield            |    26 |    48 |   180 |   283 |   268 ||   805
